 Dungeon Crawl Stone Soup version 0.30-a0-568-g124715a40b (webtiles) character file.

Game seed: 9638596191492731367

7973 tkbsonic5 the Shooter (level 11, -8/57 (62) HPs)
             Began as a Deep Elf Hedge Wizard on Dec 25, 2022.
             Was a Believer of Ru.
             Engulfed by a cloud of foul pestilence (14 damage)
             ... on level 8 of the Dungeon on Dec 29, 2022.
             The game lasted 00:55:16 (7997 turns).

tkbsonic5 the Shooter (Deep Elf Hedge Wizard)       Turns: 7997, Time: 00:55:16

HP:   -8/57 (62)    AC:  6    Str: 11    XL:     11   Next: 3%
MP:   10/24         EV: 16    Int: 22    God:    Ru [**....]
Gold: 179           SH:  0    Dex: 19    Spells: 4/24 levels left

rFire   x . .      SeeInvis +    f - +8 longbow "Zephyr" {speed, Dex+3 SInv}
rCold   x . .      Faith    .    (shield currently unavailable)
rNeg    . . .      Spirit   .    F - +0 troll leather armour
rPois   +          Reflect  .    c - +0 hat
rElec   .          Harm     .    (no cloak)
rCorr   .          Rampage  .    (no gloves)
Will    +....                    (no boots)
Stlth   +++                      (no amulet)
HPRegen 1.09/turn                s - +6 ring of strength
MPRegen 0.19/turn                r - ring of poison resistance

@: lethally poisoned (-8 -> -49), wereblooded, radiating poison, slowed,
drained, very slow
A: weak 1, temperature sensitive, iridescent scales 1, MP-powered wands
a: Renounce Religion


You were on level 8 of the Dungeon.
You worshipped Ru.
Ru was pleased with you.
You visited 1 branch of the dungeon, and saw 8 of its levels.

You collected 399 gold pieces.
You spent 220 gold pieces at shops.

Inventory:

Hand Weapons
 b - a +4 hand axe of venom
 f - the +8 longbow "Zephyr" (weapon) {speed, Dex+3 SInv}
   (You acquired it on level 2 of the Dungeon)

   Attacks with this weapon are significantly faster.
   Dex:       It affects your dexterity (+3).
   SInv:      It lets you see invisible.
Missiles
 i - 44 poisoned darts
Armour
 c - a +0 hat (worn)
 D - a +0 robe of willpower
 F - a +0 troll leather armour (worn)
Magical Staves
 q - a staff of death
Jewellery
 k - a ring of positive energy
 m - a ring of see invisible
 r - a ring of poison resistance (right hand)
 s - a +6 ring of strength (left hand)
 E - a +6 ring of intelligence
Wands
 a - a wand of charming (10)
Scrolls
 e - a scroll of enchant weapon
 h - 3 scrolls of teleportation
 o - a scroll of silence
 w - a scroll of amnesia
 y - a scroll of fog
Potions
 d - a potion of magic
 g - 2 potions of cancellation
 l - a potion of brilliance
 n - 2 potions of mutation
Miscellaneous
 j - a piece from Xom's chessboard (15/15)


   Skills:
 * Level 4.8 Fighting
 * Level 7.8 Ranged Weapons
 * Level 7.6 Dodging
 + Level 6.3 Stealth
 + Level 7.3 Spellcasting
 + Level 5.1 Conjurations
 * Level 7.2 Hexes
 + Level 4.7 Summonings
 + Level 4.4 Necromancy
 + Level 4.5 Translocations
 + Level 4.1 Air Magic
 + Level 4.3 Poison Magic


You had 4 spell levels left.
You knew the following spells:

 Your Spells              Type           Power      Damage    Failure   Level
a - Magic Dart            Conj           100%       1d8       1%          1
b - Slow                  Hex            100%       N/A       1%          1
c - Call Imp              Summ           28%        N/A       2%          2
d - Blink                 Tloc           56%        N/A       2%          2
e - Cigotuvi's Dreadful   Necr/Pois/Air  54%        N/A       2%          2
f - Vampiric Draining     Necr           27%        2d7       4%          3
g - Olgreb's Toxic Radia  Pois           27%        N/A       17%         4
h - Mephitic Cloud        Conj/Pois/Air  28%        N/A       4%          3
i - Wereblood             Tmut           8%         N/A       16%         2

Your spell library contained the following spells:

 Spells                   Type           Power      Damage    Failure   Level
 Shock                    Conj/Air       100%       1d9       1%          1
 Confusing Touch          Hex            39%        N/A       1%          3
 Swiftness                Air            26%        N/A       5%          3
 Beastly Appendage        Tmut           16%        N/A       11%         1
 Spider Form              Tmut/Pois      17%        N/A       13%         3
 Animate Dead             Necr           27%        N/A       17%         4
 Airstrike                Air            13%        2d(2-18)  19%         4
 Haunt                    Necr/Summ      14%        N/A       100%        7
 Ozocubu's Refrigeration  Ice            4%         4d8       100%        7
 Ignition                 Fire           4%         3d4       100%        8
 Infestation              Necr           13%        N/A       100%        8


Dungeon Overview and Level Annotations

Branches:
Dungeon (8/15)             Temple (0/1) D:5
   Lair: D:8-11

Altars:
Cheibriados
Kikubaaqudgha
Ru
Sif Muna
Xom
Zin

Shops:
D:6 =[

Annotations:
D:2 Terence
D:6 3 runed translucent doors, zishaf's ghost, novice TeAE


Innate Abilities, Weirdness & Mutations

You are weak. (Str -2)
You are sensitive to extremes of temperature. (rF-, rC-)
You are partially covered in iridescent scales. (AC +2)
You expend magic power (3 MP) to strengthen your wands.


Message History

You are engulfed in dark miasma.
You feel very sick.
You are too injured to fight recklessly!
Casting: Cigotuvi's Dreadful Rot (safe; 2% risk of failure)
Confirm with . or Enter, or press ? or * to list all spells.
Okay, then.
Casting: Cigotuvi's Dreadful Rot (safe; 2% risk of failure)
Confirm with . or Enter, or press ? or * to list all spells.
Okay, then.
Casting: Cigotuvi's Dreadful Rot (safe; 2% risk of failure)
Confirm with . or Enter, or press ? or * to list all spells.
You begin to radiate toxic energy.
The troll is poisoned.
The howler monkey is poisoned.
The electric eel is poisoned.
You are engulfed in dark miasma.
The electric eel looks even sicker.
You feel very sick.
The howler monkey completely misses you.
Casting: Olgreb's Toxic Radiance (dangerous; 17% risk of failure)
Confirm with . or Enter, or press ? or * to list all spells.
Your toxic radiance grows in intensity.
The troll looks even sicker.
The howler monkey looks even sicker.
The electric eel looks even sicker.
You are engulfed in dark miasma.
You are lethally poisoned!
You feel yourself slow down.
* * * LOW HITPOINT WARNING * * *
The troll looks even sicker.
The howler monkey looks even sicker.
The electric eel looks as sick as possible!
* * * LOW HITPOINT WARNING * * *
You feel extremely sick.
Casting: Olgreb's Toxic Radiance (dangerous; 17% risk of failure)
Confirm with . or Enter, or press ? or * to list all spells.
Okay, then.
Okay, then.
As you read the scroll labelled BAOROSEILO, it crumbles to dust.
Your body is wracked with pain!
* * * LOW HITPOINT WARNING * * *
The troll convulses!
The howler monkey convulses!
The electric eel convulses!
It was a scroll of torment.
You are engulfed in dark miasma.
You are more poisoned.
You feel as though you will be slow longer.
You die...

##..<.....$...♣♣).
#.................
#...............#
#.........[.....#
#...............#
#...............#
#........h..?..#
#>...T...@..#
###.†##.#####
.............#
~...~S..[......#
~..S...........#
≈~~~...........#
≈≈~.~~..########
.≈≈~.... SJ~~~.


You could see a troll (very poisoned), a howler monkey (confused, very poisoned)
and an electric eel (extremely poisoned).

Vanquished Creatures
  A skeletal warrior (D:7)
  2 trolls (D:7)
  3 slime creatures (D:7)
  A shadow (D:7)
  A wraith (D:7)
  7 yaks (D:7)
  A vampire mosquito (D:7)
  3 steam dragons
  Menkaure (D:7)
  3 water moccasins (D:7)
  3 orc warriors
  2 ice beasts
  3 sky beasts
  4 black bears
  A wolf (D:8)
  2 ogres (D:5)
  2 centaurs
  2 phantoms (D:7)
  3 kobold brigands
  2 gnoll sergeants
  4 bullfrogs
  8 scorpions
  A wyvern zombie (D:6)
  2 necrophages
  3 wights (D:6)
  4 howler monkeys
  3 bullfrog zombies (D:6)
  A human zombie (D:6)
  2 jellies
  2 centaur zombies (D:6)
  A gnoll bouda (D:5)
  An orc priest (D:4)
  6 hounds
  6 iguanas
  2 mummies (D:6)
  11 gnolls (D:5)
  10 adders
  A shadow imp (D:6)
  2 white imps
  4 ufetubi
  A worm (D:4)
  4 dart slugs
  12 orcs
  A ball python (D:1)
  3 endoplasms
  5 goblins
  8 hobgoblins
  5 jackals
  7 kobolds
  4 quokkas
  10 bats
  3 rats
184 creatures vanquished.

Vanquished Creatures (collateral kills)
  An iguana (D:5)
  A worm (D:2)
  A dart slug (D:1)
  2 ball pythons (D:2)
  An endoplasm (D:2)
  A giant cockroach (D:2)
  A goblin (D:2)
  2 hobgoblins (D:2)
  3 jackals (D:1)
  A quokka (D:2)
  A bat (D:2)
  2 frilled lizards (D:1)
  A kobold (D:6)
  2 rats
20 creatures vanquished.

Vanquished Creatures (others)
  An orc (D:7)
  15 fungi
16 creatures vanquished.

Grand Total: 220 creatures vanquished

Notes
Turn   | Place    | Note
-------+----------+-------------------------------------------
     0 | D:1      | tkbsonic5 the Deep Elf Hedge Wizard began the quest for the
                  | Orb.
     0 | D:1      | Reached XP level 1. HP: 10/10 MP: 7/7
     2 | D:1      | Learned a level 1 spell: Slow
   455 | D:1      | Reached skill level 1 in Hexes
   455 | D:1      | Reached XP level 2. HP: 15/15 MP: 5/9
   458 | D:1      | Learned a level 2 spell: Call Imp
   461 | D:1      | Learned a level 2 spell: Blink
  1037 | D:1      | Reached skill level 1 in Ranged Weapons
  1084 | D:1      | Learned a level 2 spell: Cigotuvi's Dreadful Rot
  1218 | D:2      | Reached XP level 3. HP: 17/17 MP: 0/11
  1661 | D:2      | Identified the +0 plate armour of the Wild Haggis {rCorr
                  | Int-2 SInv}
  1788 | D:2      | Noticed Terence
  1977 | D:2      | Found a sacrificial altar of Ru.
  2063 | D:2      | Became a worshipper of Ru the Awakened
  2259 | D:2      | Identified a scroll of acquirement
  2259 | D:2      | Acquired the +8 longbow "Zephyr" {speed, Dex+3 SInv}
  2259 | D:2      | Found the +8 longbow "Zephyr" {speed, Dex+3 SInv}
  2458 | D:3      | Reached XP level 4. HP: 24/24 MP: 12/12
  2485 | D:3      | Learned a level 3 spell: Vampiric Draining
  2980 | D:4      | Gained mutation: You are partially covered in iridescent
                  | scales. (AC +2) [potion of mutation]
  2980 | D:4      | Gained mutation: You expend magic power (3 MP) to
                  | strengthen your wands. [potion of mutation]
  3037 | D:4      | Noticed a black bear
  3047 | D:4      | Killed a black bear
  3048 | D:4      | Reached XP level 5. HP: 24/28 MP: 10/14
  3286 | D:4      | Reached skill level 1 in Fighting
  3406 | D:4      | Reached skill level 1 in Poison Magic
  3406 | D:4      | Reached XP level 6. HP: 34/34 MP: 13/15
  3411 | D:4      | Gained mutation: You are sensitive to extremes of
                  | temperature. (rF-, rC-) [Ru sacrifice]
  3411 | D:4      | Reached * piety under Ru
  3411 | D:4      | Reached ** piety under Ru
  3564 | D:4      | Reached skill level 5 in Spellcasting
  3596 | D:4      | Reached skill level 1 in Necromancy
  3635 | D:4      | Found the +7 Singing Sword {vorpal, sonic wave}
  3652 | D:4      | Reached skill level 1 in Air Magic
  3711 | D:4      | Reached XP level 7. HP: 39/39 MP: 16/16
  3774 | D:5      | Entered Level 5 of the Dungeon
  3775 | D:5      | Upgraded the game from 0.30-a0-534-gdc55766716 to
                  | 0.30-a0-540-g0af01429fa
  4045 | D:5      | Reached XP level 8. HP: 45/45 MP: 16/18
  4144 | D:5      | Found a staircase to the Ecumenical Temple.
  4222 | D:5      | Reached skill level 5 in Dodging
  4900 | D:5      | Found a snail-covered altar of Cheibriados.
  4900 | D:5      | Found a sacrificial altar of Ru.
  4970 | D:6      | Reached skill level 5 in Ranged Weapons
  5091 | D:6      | Learned a level 4 spell: Olgreb's Toxic Radiance
  5095 | D:6      | Learned a level 3 spell: Mephitic Cloud
  5106 | D:6      | Found Rigraot's Jewellery Emporium.
  5110 | D:6      | Found Vifoom's Antique Armour Boutique.
  5125 | D:6      | Bought a ring of poison resistance for 220 gold pieces
  5266 | D:6      | Found a runed translucent gate.
  5267 | D:6      | Found a runed translucent gate.
  5268 | D:6      | Found a runed translucent gate.
  5315 | D:6      | Reached XP level 9. HP: 47/51 MP: 20/20
  5485 | D:6      | Found a shimmering blue altar of Sif Muna.
  5608 | D:6      | Found an ancient bone altar of Kikubaaqudgha.
  5906 | D:6      | Noticed a spectral unseen horror
  5912 | D:6      | Noticed zishaf's ghost (novice TeAE)
  5981 | D:7      | Noticed Menkaure
  5986 | D:7      | Killed Menkaure
  5987 | D:7      | Reached skill level 5 in Stealth
  6199 | D:7      | Found a shimmering altar of Xom.
  6200 | D:7      | Found a shimmering altar of Xom.
  6245 | D:7      | Reached skill level 5 in Hexes
  6374 | D:7      | Noticed a troll
  6394 | D:7      | Killed a troll
  6453 | D:7      | Noticed a troll
  6591 | D:7      | Killed a troll
  6602 | D:7      | Gained mutation: You are weak. (Str -2) [Ru sacrifice]
  6664 | D:7      | Found a glowing silver altar of Zin.
  6682 | D:7      | Found a glowing silver altar of Zin.
  6691 | D:7      | Noticed a skeletal warrior
  6735 | D:8      | Upgraded the game from 0.30-a0-540-g0af01429fa to
                  | 0.30-a0-568-g124715a40b
  6744 | D:8      | Reached XP level 10. HP: 54/56 MP: 13/21
  6789 | D:7      | HP: 3/84 [skeletal warrior/+0 short sword (5)]
  6790 | D:7      | Killed a skeletal warrior
  7021 | D:7      | Learned a level 2 spell: Wereblood
  7516 | D:7      | Reached skill level 5 in Conjurations
  7944 | D:7      | Reached XP level 11. HP: 62/62 MP: 20/23
  7997 | D:8      | Engulfed by a cloud of foul pestilence

Illustrated notes

Levels and vault maps discovered:
D:1:      amcnicky_arrival_flooded_fountain, layout_basic,
          minmay_misc_feat_ornament, minmay_misc_feat_roman
D:2:      layout_rooms, basic_altar, chequers_serial_rivers_micro_e,
          nrook_loot_triangle, dreamdust_wishing_well, kennysheep_doodads,
          uniq_terence
D:3:      layout_basic, minivault_26
D:4:      old_forge, layout_basic, small_statue_intersection
D:5:      layout_basic, gammafunk_temple_overflow_wave, temple_doors_e,
          minmay_large_rounded_square, minmay_misc_feat_enclosed,
          grunt_ministairs_1, dreamdust_gnoll_farm
D:6:      layout_rooms, led_sif_pool, lemuel_mausoleum_altar_kikubaaqudgha,
          serial_shops, nicolae_shop_competitors_out_of_business, shop_statue,
          gammafunk_ghost_necromancy
D:7:      minmay_the_grid_octo_tiled_octocenter [minmay_the_grid_octo_odd_swirl,
          minmay_the_grid_octo_vomiting_pacman, minmay_the_grid_octo_fan_narrow,
          minmay_the_grid_octo_shrine,
          minmay_the_grid_octo_prize_ultimate_mussel_roller,
          minmay_the_grid_square_5x5_meh, minmay_the_grid_square_5x5_dogpile,
          minmay_the_grid_square_5x5_hollow_slash,
          minmay_the_grid_square_5x5_comb], layout_gridville,
          small_statue_alley_b, uniq_menkaure
D:8:      layout_rooms, mainiacjoe_overflow_alcove_1, erik_lair_island,
          serial_shops, nicolae_shop_competitors_out_of_business, enter_bailey_7

Skill      XL: |  1  2  3  4  5  6  7  8  9 10 |
---------------+-------------------------------+-----
Hexes          | 1 2 3 4 5 7 |  7.2
Ranged Weapons | 1 2 3 4 5 6 7 |  7.8
Stealth        | 3 4 5 6 |  6.3
Dodging        | 3 4 5 6 7 |  7.6
Conjurations   | 2 3 4 5 |  5.1
Fighting       | 1 2 3 4 |  4.8
Poison Magic   | 1 2 3 4 |  4.3
Spellcasting   | 5 6 7 |  7.3
Necromancy     | 1 2 3 4 |  4.4
Summonings     | 2 3 4 |  4.7
Translocations | 2 3 4 |  4.5
Air Magic      | 1 2 3 4 |  4.1

Action                   |  1- 3 |  4- 6 |  7- 9 | 10-12 || total
-------------------------+-------+-------+-------+-------++-------
Melee: Dagger            |     9 |     1 |       |       ||    10
       Trident           |     3 |       |       |       ||     3
 Fire: Longbow           |    10 |    68 |   266 |   193 ||   537
       Sling             |     2 |       |       |       ||     2
 Cast: Magic Dart        |    57 |     3 |     2 |       ||    62
       Slow              |     8 |    13 |    29 |    17 ||    67
       Call Imp          |    18 |     3 |    10 |     4 ||    35
       Cigotuvi's Dreadf |     1 |       |     1 |     1 ||     3
       Blink             |     1 |     2 |     9 |     3 ||    15
       Mephitic Cloud    |       |       |     9 |     5 ||    14
       Vampiric Draining |       |       |     3 |     7 ||    10
       Olgreb's Toxic Ra |       |       |       |     2 ||     2
       Wereblood         |       |       |       |     1 ||     1
Invok: Sacrifice Resista |       |     1 |       |       ||     1
       Sacrifice Purity  |       |       |     1 |       ||     1
  Use: Scroll            |     6 |     4 |     3 |     4 ||    17
       Potion            |       |     2 |     2 |     8 ||    12
 Stab: Sleeping          |     5 |     1 |       |       ||     6
Armor: Robe              |     8 |     7 |    17 |       ||    32
       Troll leather arm |       |       |     3 |    15 ||    18
       Skin              |       |       |       |    12 ||    12
Dodge: Dodged            |    16 |    17 |    83 |    74 ||   190

Table legend: (Time is in decaauts)
 A = Elapsed time spent in this place.
 B = Non-inter-level travel time spent in this place.
 C = Inter-level travel time spent in this place.
 D = Time resting spent in this place.
 E = Time spent auto-exploring this place.
 F = Levels seen in this place.
 G = Mean time per level.
                   A        B        C        D        E       F      G
               +--------+--------+--------+--------+--------+-----+--------+
         Total |   7992 |   7826 |    166 |   1463 |   4457 |   8 |  999.0 |
       Dungeon |   7992 |   7826 |    166 |   1463 |   4457 |   8 |  999.0 |
               +--------+--------+--------+--------+--------+-----+--------+

Top non-repeatable levels by time:
     D:7: 1849 daAuts
     D:1: 1206 daAuts
     D:6: 1138 daAuts
     D:2: 1109 daAuts
     D:5: 1084 daAuts
     D:4: 1022 daAuts
     D:3: 526 daAuts
     D:8: 55 daAuts
